Map: Daybreak LE (Void)

Players

Neo - Winner!

  • Race: Zerg Zerg
  • League: Diamond
  • Spawn Location: 7:00

Emil

  • Race: Zerg Zerg
  • League: Diamond
  • Spawn Location: 1:00

VOD

Have the link to the VOD?

Description

Time

  • Played on: Nov. 28, 2016, 7:57 a.m.
  • Length: 11:46
Show
View Real Time Build Order
Export as new Build Order

Neo Zerg - Winner!

Build Orders: Pool First 

Get SALT Encoding   

  12  0:19  Spawning Pool  
  11  0:23  Drone  
  11  0:27  Drone  
  13  0:30  Drone  
  14  0:41  Overlord  
  14  1:06  Zergling x6  
  14  1:09  Queen  
  19  1:18  Zergling x2  
  20  1:30  Zergling x2  
  22  1:40  Zergling x2  
  22  1:50  Overlord  
  22  1:53  Hatchery  
  21  2:09  Zergling x2  
  21  2:15  Zergling x2  
  21  2:27  Zergling x6  
  21  2:32  Zergling x2  
  22  2:39  Extractor  
  22  2:44  Zergling x2  
  22  2:50  Queen  
  23  2:59  Drone  
  24  3:15  Zergling x4, Drone  
  24  3:18  Drone  
  24  3:19  Drone  
  25  3:36  Queen  
  25  3:40  Drone x2  
  25  3:41  Drone x4  
  33  3:43  Drone  
  34  3:50  Drone  
  34  3:54  Metabolic Boost  
  35  4:18  Drone  
  35  4:19  Roach Warren  
  35  4:20  Overlord x2  
  35  4:29  Drone  
  36  4:37  Queen  
  38  4:59  Roach x3  
  46  5:00  Roach x4  
  46  5:04  Extractor  
  46  5:05  Overlord, Drone  
  52  5:22  Overlord  
  52  5:26  Roach x3  
  52  5:27  Roach  
  59  5:49  Baneling Nest  
  58  5:50  Zergling x8  
  58  5:51  Zergling x8  
  66  6:13  Zergling x2  
  66  6:14  Overlord x2  
  67  6:24  Zergling x2  
  65  6:38  Baneling x5  
  65  6:39  Zergling x4, Baneling  
  58  6:48  Zergling x14  
  59  7:06  Drone x5  
  63  7:09  Queen  
  44  7:30  Spore Crawler x2  
  44  7:31  Spore Crawler  
  44  7:32  Spore Crawler  
  44  7:33  Spore Crawler  
  44  7:34  Spore Crawler  
  31  7:45  Queen  
  33  8:09  Evolution Chamber  
  32  8:24  Lair  
  32  8:30  Drone x6  
  38  8:53  Drone x4, Extractor  
  41  8:57  Queen  
  43  9:05  Overlord  
  43  9:06  Overlord  
  43  9:29  Spore Crawler  
  42  9:32  Queen  
  42  9:33  Queen, Nydus Network  
  42  9:34  Evolution Chamber  
  42  9:35  Roach x3  
  52  9:38  Roach  
  52  9:50  Evolution Chamber  
  52  9:56  Overlord x3  
  52  10:09  Evolution Chamber  
  50  10:16  Zergling x6  
  50  10:17  Zergling x4  
  50  10:19  Roach x4  
  63  10:25  Evolution Chamber  
  63  10:27  Roach x2  
  67  10:42  Evolution Chamber  
  67  10:48  Overlord x3  
  67  10:49  Overlord  
  65  11:01  Nydus Canal  
  65  11:10  Roach x3  
  65  11:11  Roach x2  
  74  11:26  Drone  
  74  11:27  Roach x5  
Show
View Real Time Build Order
Export as new Build Order

Emil Zerg 

Build Orders: Pool First 

Get SALT Encoding   

  12  0:02  Drone  
  13  0:08  Drone  
  13  0:12  Extractor  
  13  0:20  Drone  
  14  0:35  Spawning Pool  
  13  0:37  Drone  
  14  0:49  Overlord  
  14  0:55  Drone, Extractor  
  15  1:17  Drone  
  15  1:18  Drone x2  
  18  1:21  Metabolic Boost  
  18  1:32  Queen  
  20  1:38  Zergling x2  
  21  1:42  Zergling x2  
  22  1:49  Spine Crawler  
  22  1:51  Zergling x2  
  22  2:01  Baneling Nest  
  20  2:16  Zergling x4  
  21  2:28  Zergling x2  
  21  2:43  Hatchery  
  20  2:44  Zergling x2  
  21  2:55  Overlord  
  21  3:01  Baneling  
  21  3:02  Baneling  
  18  3:36  Drone x3  
  21  3:45  Lair, Extractor  
  20  3:48  Drone  
  20  3:55  Baneling x2  
  21  3:56  Drone  
  21  3:57  Queen  
  24  4:05  Drone  
  25  4:13  Drone x4  
  29  4:19  Drone x2  
  31  4:29  Drone  
  31  4:30  Drone  
  33  4:36  Overlord  
  33  4:39  Drone x3  
  36  4:47  Evolution Chamber  
  36  4:48  Evolution Chamber  
  36  4:51  Extractor  
  36  4:52  Extractor  
  32  5:02  Drone  
  32  5:03  Drone x2  
  32  5:04  Spire  
  34  5:12  Drone x3  
  34  5:13  Drone  
  38  5:28  Roach Warren  
  37  5:35  Zergling x10  
  42  5:44  Overlord  
  42  5:56  Spine Crawler  
  41  5:58  Spine Crawler  
  40  6:16  Mutalisk x4  
  40  6:17  Mutalisk  
  50  6:20  Baneling x2  
  41  6:42  Mutalisk x3  
  43  6:48  Zergling x2  
  43  6:49  Zergling x6  
  27  7:09  Drone  
  27  7:10  Drone  
  27  7:29  Drone  
  24  7:39  Drone  
  21  8:08  Drone  
  22  8:15  Drone  
  23  8:25  Drone  
  24  8:36  Drone  
  24  8:40  Drone  
  26  8:45  Drone  
  27  8:52  Drone  
  28  8:56  Drone  
  28  9:01  Drone  
  30  9:07  Drone  
  29  9:12  Drone  
  30  9:20  Drone x2  
  32  9:25  Drone  
  32  9:27  Drone  
  32  9:31  Drone  
  35  9:34  Drone  
  35  9:38  Drone  
  37  9:45  Queen  
  39  9:49  Drone  
  39  9:50  Drone  
  41  9:56  Drone  
  41  9:57  Drone  
  43  10:14  Drone x3  
  45  10:19  Queen  
  45  10:20  Drone  
  49  10:21  Hydralisk Den  
  48  10:29  Drone x2  
  48  10:33  Drone  
  51  10:41  Overlord  
  51  11:03  Spine Crawler x2  
  49  11:05  Spine Crawler x2  
  49  11:06  Zergling x2  
  49  11:07  Zergling x12  
  48  11:21  Zergling x2  
  48  11:22  Zergling x6  
Tags
 
Add a new tag
Caveats
  • Supply blocks, unpowered buildings, or Contaminate may cause inaccurate times.
  • Supply counts are checked every 10 seconds.